 Dungeon Crawl Stone Soup version 0.22.1 (webtiles) character file.

2414 MalarOregon the Cleaver (level 9, 0/75 HPs)
             Began as a Hill Orc Fighter on Sept 17, 2018.
             Was a Follower of Qazlal.
             Slain by an orc warrior
             ... wielding a +0 dire flail
              (21 damage)
             ... on level 7 of the Dungeon.
             The game lasted 00:13:56 (5943 turns).

MalarOregon the Cleaver (Hill Orc Fighter)          Turns: 5943, Time: 00:13:57

Health: 0/75       AC: 15    Str: 19    XL:     9   Next: 47%
Magic:  9/9        EV:  5    Int: 11    God:    Qazlal [*.....]
Gold:   517        SH: 16    Dex: 10    Spells: 8/8 levels left

rFire    . . .     SeeInvis .   j - -2 hand axe (curse)
rCold    . . .     Gourm    .   c - +2 shield
rNeg     . . .     Faith    .   q - +0 plate armour
rPois    .         Spirit   .   (no helmet)
rElec    .         Reflect  .   r - +2 cloak {+Inv}
rCorr    .         Harm     .   (no gloves)
MR       .....                  (no boots)
Stlth    ..........             (no amulet)
HPRegen  0.22/turn              (no ring)
MPRegen  0.11/turn              (no ring)

@: no status effects
A: no striking features
a: Renounce Religion, Convert to Beogh, Evoke Invisibility


You were on level 7 of the Dungeon.
You worshipped Qazlal.
Qazlal was aware of your devotion.
You were hungry.

You visited 2 branches of the dungeon, and saw 8 of its levels.

You collected 517 gold pieces.

Inventory:

Hand Weapons
 a - a +0 war axe
 j - a cursed -2 hand axe (weapon)
Armour
 c - a +2 shield (worn)
 p - a +1 chain mail of fire resistance
 q - a +0 plate armour (worn)
 r - a +2 cloak of invisibility (worn)
Jewellery
 g - an uncursed ring of flight {unknown}
 i - a cursed -2 ring of evasion {unknown}
 u - a +1 ring of protection {unknown}
Wands
 m - a wand of scattershot (2)
 s - a wand of iceblast (11)
Scrolls
 e - a scroll of magic mapping
 l - 3 scrolls of amnesia
 x - a scroll of identify
Potions
 d - a potion of might
 h - a potion of magic {unknown}
 k - 2 potions of agility
 n - 2 potions of curing
 o - 3 potions of heal wounds
 t - a potion of brilliance
 v - a potion of mutation
Comestibles
 f - 7 rations
 w - a chunk of flesh


   Skills:
 * Level 6.2 Fighting
 * Level 12.6 Axes
 * Level 5.7 Armour
 + Level 2.1 Dodging
 * Level 11.1 Shields
 + Level 0.7 Invocations
 + Level 0.3 Evocations


You had 8 spell levels left.
You didn't know any spells.
Your spell library was empty.

Dungeon Overview and Level Annotations

Branches:
Dungeon (7/15)             Temple (1/1) D:4

Altars:
Ashenzari
Cheibriados
Elyvilon
Fedhas
Gozag
Hepliaklqana
Makhleb
Nemelex Xobeh
Okawaru
Qazlal
Ru
Sif Muna
Trog
Vehumet
Xom
Yredelemnul
Zin
The Shining One


Message History

The killer bee is severely wounded.
The orc priest shouts, "Beogh is our master!
Accept the truth or die!"
The killer bee stings you but does no damage.
You block the killer bee's attack.
You barely miss the killer bee.
The killer bee is severely wounded.
You block the killer bee's attack.
You slash the killer bee!
You kill the killer bee!
Qazlal accepts your kill.
You cannot move.
You feel less wooden.
Your +2 cloak of invisibility unmelds from your body.
Your +0 plate armour unmelds from your body.
You become transparent for a moment.
You block the orc warrior's attack.
Your plate armour prevents you from hitting the orc warrior.
You hit the orc warrior.
The orc warrior is lightly wounded.
The orc warrior hits you with a dire flail!!
You die...

.....##.#.### ###
........... ...
#.....#.###...
######............
........).)...#.####
#####†)#(†........ #
#..##(##.##.### #.
#.(##.(......(#
#..##(.#####@##.#.#
#...(....# #o#
##.##....#


#Ho # #....# #oy. #....# #...# #....# #...# #÷...# #.### #########....# #.#
......<......# You could see a hippogriff, an orc warrior, a killer bee, an orc
priest and an orc.

Vanquished Creatures
  Grinder (D:6)
  A phantom (D:6)
  A sky beast (D:6)
  5 ogres
  2 centaurs
  3 scorpions
  2 killer bees (D:7)
  A howler monkey (D:5)
  A bullfrog zombie (D:6)
  A centaur zombie (D:5)
  3 hounds
  4 orc priests
  Crazy Yiuf (D:6)
  2 jellies
  A gnoll shaman (D:5)
  An iguana (D:4)
  3 orc wizards
  4 worker ants
  A hound zombie (D:5)
  8 adders
  5 gnolls (D:5)
  2 oozes (D:2)
  4 worms
  3 dart slugs
  4 leopard geckos
  19 orcs
  3 giant cockroaches
  10 hobgoblins
  9 jackals
  5 quokkas
  A ball python (D:1)
  11 bats
  6 frilled lizards
  10 goblins
  15 kobolds
  7 rats
160 creatures vanquished.

Notes
Turn   | Place    | Note
-------+----------+-------------------------------------------
     0 | D:1      | MalarOregon the Hill Orc Fighter began the quest for the
                  | Orb.
     0 | D:1      | Reached XP level 1. HP: 19/19 MP: 1/1
   112 | D:1      | Reached XP level 2. HP: 27/27 MP: 2/2
   188 | D:1      | Found a sparkling altar of Nemelex Xobeh.
   369 | D:1      | Reached skill level 3 in Axes
   580 | D:1      | Reached XP level 3. HP: 25/33 MP: 3/3
  1128 | D:2      | Found a shattered altar of Ashenzari.
  1281 | D:2      | Reached XP level 4. HP: 40/40 MP: 4/4
  1653 | D:2      | Found a sparkling altar of Nemelex Xobeh.
  1931 | D:2      | Reached skill level 1 in Dodging
  1939 | D:2      | Found a shimmering altar of Xom.
  1981 | D:3      | Reached skill level 4 in Axes
  1981 | D:3      | Reached XP level 5. HP: 47/47 MP: 5/5
  2448 | D:4      | Noticed an ogre
  2725 | D:4      | Killed an ogre
  2725 | D:4      | Reached skill level 5 in Fighting
  2725 | D:4      | Reached XP level 6. HP: 30/56 MP: 6/6
  3058 | D:4      | Reached skill level 12 in Axes
  3058 | D:4      | Reached skill level 10 in Shields
  3058 | D:4      | Reached XP level 7. HP: 61/61 MP: 7/7
  3120 | D:4      | Found a snail-covered altar of Cheibriados.
  3151 | D:4      | Found a staircase to the Ecumenical Temple.
  3184 | Temple   | Entered the Ecumenical Temple
  3203 | Temple   | Became a worshipper of Qazlal Stormbringer
  3453 | D:4      | Reached XP level 8. HP: 29/68 MP: 8/8
  3552 | D:5      | Entered Level 5 of the Dungeon
  3552 | D:5      | Found an iron altar of Okawaru.
  3625 | D:5      | Reached skill level 5 in Armour
  4323 | D:5      | Reached * piety under Qazlal
  4963 | D:6      | Reached XP level 9. HP: 21/75 MP: 9/9
  5359 | D:6      | Found a runed door.
  5443 | D:6      | Noticed Grinder
  5468 | D:6      | Killed Grinder
  5616 | D:6      | Noticed Crazy Yiuf
  5622 | D:6      | Killed Crazy Yiuf
  5745 | D:7      | Reached ** piety under Qazlal
  5943 | D:7      | Slain by an orc warrior

Skill      XL: |  1  2  3  4  5  6  7  8  9 |
---------------+----------------------------+-----
Axes           | 3 4 12 | 12.6
Fighting       | 4 5 6 |  6.2
Armour         | 4 5 |  5.7
Dodging        | 1 2 |  2.1
Shields        | 4 10 11 | 11.1
Invocations    | |  0.7
Evocations     | |  0.3

Action                   |  1- 3 |  4- 6 |  7- 9 || total
-------------------------+-------+-------+-------++-------
Melee: War axe           |   126 |   228 |       ||   354
       Hand axe          |       |       |   647 ||   647
Throw: Throwing net      |       |     1 |       ||     1
Invok: Upheaval          |       |       |     1 ||     1
Evoke: Wand              |       |       |     3 ||     3
  Use: Scroll            |       |    10 |       ||    10
       Potion            |       |     1 |     2 ||     3
 Stab: Held in net/web   |       |     1 |       ||     1
  Eat: Chunk             |     1 |     7 |     9 ||    17
Armor: Scale mail        |    59 |    31 |       ||    90
       Plate armour      |       |   122 |   136 ||   258
       Skin              |       |       |    14 ||    14
Dodge: Dodged            |    40 |    51 |    57 ||   148
Block: Shield            |    65 |   157 |   357 ||   579
